 Dungeon Crawl Stone Soup version 0.19-a0-1008-g4c63d25 (webtiles) character file.

49 HAL9000 the Ruffian (level 3, 0/28 HPs)
             Began as a Draconian Transmuter on July 23, 2016.
             Shot with an arrow by a centaur (11 damage)
             ... on level 3 of the Dungeon.
             The game lasted 00:01:42 (1166 turns).

HAL9000 the Ruffian (Draconian Transmuter)          Turns: 1166, Time: 00:01:43

Health: 0/28       AC:  7    Str: 13    XL:     3   Next: 51%
Magic:  3/6        EV:  7    Int: 13    God:
Gold:   84         SH:  0    Dex: 11    Spells: 2 memorised, 3 levels left

rFire  . . .     SeeInvis .       - Unarmed
rCold  . . .     Gourm    .     (armour unavailable)
rNeg   . . .     Faith    .     (no shield)
rPois  .         Spirit   .     (helmet restricted)
rElec  .         Dismiss  .     (no cloak)
rCorr  .         Reflect  .     (no gloves)
SustAt .         Harm     .     (no boots)
MR     .....                    (no amulet)
Stlth  +.........               (no ring)
                                g - +2 ring of protection

@: not resistant to hostile enchantments, very unstealthy
A: unfitting armour, cold-blooded, AC +5
a: no special abilities


You were on level 3 of the Dungeon.
You were very hungry.

You visited 1 branch of the dungeon, and saw 3 of its levels.

You collected 84 gold pieces.

Inventory:

Missiles
 a - 10 arrows
Jewellery
 g - a +2 ring of protection (left hand)
Scrolls
 h - a scroll of fog {unknown}
 l - a scroll of magic mapping {unknown}
 m - 3 scrolls of teleportation {unknown}
 n - a scroll of immolation {unknown}
Potions
 d - 2 potions of cancellation {unknown}
 j - a potion of lignification {unknown}
 k - a potion of flight {unknown}
 o - a potion of haste {unknown}
Books
 b - a book of Changes

   Spells                             Type                      Level
   a - Beastly Appendage              Transmutation                1
   b - Sticks to Snakes               Transmutation                2
   c - Spider Form                    Transmutation/Poison         3
   d - Ice Form                       Ice/Transmutation            4
   e - Blade Hands                    Transmutation                5
Comestibles
 c - a bread ration
 f - 2 beef jerkies
 i - a meat ration


   Skills:
 - Level 1.1 Fighting
 - Level 1.7 Dodging
 + Level 3.8 Unarmed Combat
 - Level 2.0 Spellcasting
 + Level 3.1 Transmutations


You had 3 spell levels left.
You knew the following spells:

 Your Spells              Type           Power        Failure   Level  Hunger
a - Beastly Appendage     Tmut           #.....       10%         1    ##.....
b - Sticks to Snakes      Tmut           #.......     12%         2    ###....


Dungeon Overview and Level Annotations

Branches:
Dungeon (3/15)

Altars:
Xom


Innate Abilities, Weirdness & Mutations

Your plain brown scales are hard. (AC +5)
Your body does not fit into most forms of armour.
You are cold-blooded and may be slowed by cold attacks.


Message History

You swap places.
Casting: Sticks to Snakes
Confirm with . or Enter, or press ? or * to list all spells.
You create a snake!
You now have 10 arrows.
The adder misses your ball python.
The centaur shoots an arrow.
The arrow completely misses your ball python.
The arrow hits your ball python! The arrow burns your ball python.
Your ball python dies!
Your ball python barely misses the adder.
Your ball python closely misses the adder.
The adder misses your ball python.
Your ball python misses the adder.
Your ball python barely misses the adder.
The adder bites your ball python.
Your ball python dies!
There is a stone staircase leading up here.
Unknown command.
The centaur shoots an arrow.
The arrow hits you!
You die...

## ##(..### #.
#.....# #.
##.##......
##.####..###.....#
#..#..c.........)#
###.....#########...
#....#S.# ### ..#
#..#.#..#...... .#
#.....@...#####
.........###
.....##### #####


You could see a centaur and an adder.

Vanquished Creatures
  2 adders
  A giant gecko (D:1)
  A giant cockroach (D:1)
  5 goblins
  6 hobgoblins
  3 ball pythons
  3 bats (D:1)
  4 giant newts
  A kobold (D:2)
  3 rats
29 creatures vanquished.

Notes
Turn   | Place    | Note
-------+----------+-------------------------------------------
     0 | D:1      | HAL9000 the Draconian Transmuter began the quest for the Orb.
     0 | D:1      | Reached XP level 1. HP: 16/16 MP: 3/3
   183 | D:1      | Reached XP level 2. HP: 21/23 MP: 3/5
   486 | D:1      | Learned a level 2 spell: Sticks to Snakes
   577 | D:1      | Reached XP level 3. HP: 28/28 MP: 6/6
   866 | D:2      | Found a shimmering altar of Xom.
  1151 | D:3      | Noticed a centaur
  1166 | D:3      | Shot with an arrow by a centaur

Vault maps used:
D:1:      ncdulo_halloftheorcs, minmay_shallow_snake_nest
D:2:      xom_teletrap_fun
D:3:      first_bread

Skill      XL: |  1  2  3 |
---------------+----------+-----
Transmutations | 3 |  3.1
Fighting       | |  1.1
Dodging        | |  1.7
Unarmed Combat | |  3.8
Spellcasting   | |  2.0

Action                   || total
-------------------------++-------
Melee: Unarmed           ||    89
       Tailslap          ||     8
       Headbutt          ||     4
       Kick              ||     4
 Cast: Beastly Appendage ||    19
       Sticks to Snakes  ||     2
 Stab: Sleeping          ||     1
Armor: Skin              ||    41
Dodge: Dodged            ||    64
